Workbook

Sheet Página Inicial
A1: Controle de Receitas e Despesas
A5: A Planilha de Controle de Receitas e Despesas - Empresarial e Pessoal tem como ideia principal lhe incentivar a ter uma rotina de anotar todos os Controles de uma forma mais simples.
A6: A ideia dessa planilha é criar o costume de anotar tudo. Digitar as informações de receitas e despesas em duas colunas separadas, para pelo no final analisar se a diferença entre as contas está positiva ou negativa.
A7: E finalizando, existe várias formas de analisar as números, e a adotada nessa planilha é a forma simples que achamos para lhe demostrar. : )
A8: Boa sorte !!! E #tomadeconta
B11: Controle da Empresa | F11: Investimentos Empresa
B14: Controle - Pessoal | F14: Investimentos Pessoal
E19: www.tomadeconta.com.br

Sheet -#-

Sheet Controle Empresa
A1: Planilha de Controle Mensal ( Receitas / Despesas ) - Empresa
A2: Mês: | B2: Janeiro/2026
A6: Descrição | B6: Valores | D6: Descrição | E6: Valores
G7: www.tomadeconta.com.br
A8: Cliente ou Movim Dia 1 | B8: 350 | D8: Aluguel | E8: 1000
A9: Cliente ou Movim Dia 2 | B9: 580 | D9: Celular Empresa | E9: 150
A10: Cliente ou Movim Dia 3 | B10: 500 | D10: Combustível | E10: 200
A11: Cliente ou Movim Dia 4 | B11: 500 | D11: Condomínio | E11: 580
A12: Cliente ou Movim Dia 5 | B12: 100 | D12: E-mails | E12: 40
A13: Cliente ou Movim Dia 6 | B13: 1000 | D13: Energia | E13: 250
A14: Cliente ou Movim Dia 7 | B14: 950 | D14: Pró-labore | E14: 2000
A15: Cliente ou Movim Dia 8 | B15: 350 | D15: Seguro de Vida | E15: 350
A16: Cliente ou Movim Dia 9 | B16: 470 | D16: Sistema Financeiro | E16: 150
A17: Cliente ou Movim Dia 10 | B17: 580 | D17: Telefone + Internet | E17: 200
A18: Cliente ou Movim Dia 11 | B18: 1050
A19: Cliente ou Movim Dia 12 | B19: 1500 | D19: Tarifas Boletos | E19: 100
A20: Cliente ou Movim Dia 13 | B20: 800 | D20: Tarifas Bancárias | E20: 90
A21: Cliente ou Movim Dia 14 | B21: 410
A22: Cliente ou Movim Dia 15 | B22: 980 | D22: Das - Simples Nacional | E22: 3500
A23: Cliente ou Movim Dia 16 | B23: 325
A24: Cliente ou Movim Dia 17 | B24: 320 | D24: Salários colaboradores | E24: =3300 -> 3300
A25: Cliente ou Movim Dia 18 | B25: 385 | D25: Vale transporte | E25: =600 -> 600
A26: Cliente ou Movim Dia 19 | B26: 3710 | D26: Vale refeição | E26: 660
A27: Cliente ou Movim Dia 20 | B27: 301 | D27: Plano de Saúde | E27: 600
A28: Cliente ou Movim Dia 21 | B28: 384 | D28: FGTS | E28: 264
A29: Cliente ou Movim Dia 22 | B29: 358
A30: Cliente ou Movim Dia 23 | B30: 985 | D30: Conserto Ar Cond | E30: 200
A31: Cliente ou Movim Dia 24 | B31: 258
A32: Cliente ou Movim Dia 25 | B32: 321 | D32: Material de Expediente | E32: 200
A33: Cliente ou Movim Dia 26 | B33: 587 | D33: Recarga Cartucho | E33: 100
A34: Cliente ou Movim Dia 27 | B34: 301 | D34: Água Mineral | E34: 60
A35: Cliente ou Movim Dia 28 | B35: 1025 | D35: Limpeza Sala
A36: Cliente ou Movim Dia 29 | B36: 547 | D36: Copa e cozinha | E36: 100
A37: Cliente ou Movim Dia 30 | B37: 985 | D37: Material Limpeza | E37: 200
A38: Cliente ou Movim Dia 31 | B38: 500 | D38: Farmácia | E38: 50
D40: Retirada | E40: 4000
B43: =SUM(B7:B42) -> 21412 | E43: =SUM(E7:E42) -> 18944
A45: Resumo
B47: Discriminação | E47: Valores
B48: Receita Mensal | E48: =B43 -> 21412
B49: Despesa Mensal | E49: =E43 -> 18944
B51: Resultado | E51: =E48-E49 -> 2468
B53: Economia mensal | E53: =E51/E48 -> 0.11526247
D55: Projeto Social
D58: www.tomadeconta.com.br

Sheet Formulas
A1: Receitas | E1: Despesas Fixas | I1: Despesas Variáveis
A2: Caixa | C2: =C69 -> #REF! | E2: Caixa | G2: =G69 -> #REF! | I2: Caixa | K2: =K69 -> #REF!
A3: Banco | C3: =C131 -> #REF! | E3: Banco | G3: =G131 -> #REF! | I3: Banco | K3: =K131 -> #REF!
B5: =ROUND('Controle Empresa'!#REF!,2) -> #REF! | I5: Despesas Total
I6: Caixa | K6: =G2+K2 -> #REF!
B7: =ROUND('Controle Empresa'!#REF!,2) -> #REF! | I7: Banco | K7: =G3+K3 -> #REF!
A9: Receita Caixa | E9: Despesas Fixas - Caixa | I9: Despesas Variáveis - Caixa
C10: =IF('Controle Empresa'!#REF!="c",'Controle Empresa'!#REF!,"0") -> #REF! | G10: Sem numeros | K10: Sem numeros
C11: =IF('Controle Empresa'!#REF!="c",'Controle Empresa'!#REF!,"0") -> #REF! | G11: Sem numeros | K11: Sem numeros
C12: =IF('Controle Empresa'!#REF!="c",'Controle Empresa'!B7,"0") -> #REF! | G12: =IF('Controle Empresa'!#REF!="c",'Controle Empresa'!E7,"0") -> #REF! | K12: =IF('Controle Empresa'!#REF!="c",'Controle Empresa'!#REF!,"0") -> #REF!
C13: =IF('Controle Empresa'!#REF!="c",'Controle Empresa'!B8,"0") -> #REF! | G13: =IF('Controle Empresa'!#REF!="c",'Controle Empresa'!E8,"0") -> #REF! | K13: =IF('Controle Empresa'!#REF!="c",'Controle Empresa'!#REF!,"0") -> #REF!
C14: =IF('Controle Empresa'!#REF!="c",'Controle Empresa'!B9,"0") -> #REF! | G14: =IF('Controle Empresa'!#REF!="c",'Controle Empresa'!E9,"0") -> #REF! | K14: =IF('Controle Empresa'!#REF!="c",'Controle Empresa'!#REF!,"0") -> #REF!
C15: =IF('Controle Empresa'!#REF!="c",'Controle Empresa'!B10,"0") -> #REF! | G15: =IF('Controle Empresa'!#REF!="c",'Controle Empresa'!E10,"0") -> #REF! | K15: =IF('Controle Empresa'!#REF!="c",'Controle Empresa'!#REF!,"0") -> #REF!
C16: =IF('Controle Empresa'!#REF!="c",'Controle Empresa'!B11,"0") -> #REF! | G16: =IF('Controle Empresa'!#REF!="c",'Controle Empresa'!E11,"0") -> #REF! | K16: =IF('Controle Empresa'!#REF!="c",'Controle Empresa'!#REF!,"0") -> #REF!
C17: =IF('Controle Empresa'!#REF!="c",'Controle Empresa'!B12,"0") -> #REF! | G17: =IF('Controle Empresa'!#REF!="c",'Controle Empresa'!E12,"0") -> #REF! | K17: =IF('Controle Empresa'!#REF!="c",'Controle Empresa'!#REF!,"0") -> #REF!
C18: =IF('Controle Empresa'!#REF!="c",'Controle Empresa'!B13,"0") -> #REF! | G18: =IF('Controle Empresa'!#REF!="c",'Controle Empresa'!E13,"0") -> #REF! | K18: =IF('Controle Empresa'!#REF!="c",'Controle Empresa'!#REF!,"0") -> #REF!
C19: =IF('Controle Empresa'!#REF!="c",'Controle Empresa'!B14,"0") -> #REF! | G19: =IF('Controle Empresa'!#REF!="c",'Controle Empresa'!E14,"0") -> #REF! | K19: =IF('Controle Empresa'!#REF!="c",'Controle Empresa'!#REF!,"0") -> #REF!
C20: =IF('Controle Empresa'!#REF!="c",'Controle Empresa'!B15,"0") -> #REF! | G20: =IF('Controle Empresa'!#REF!="c",'Controle Empresa'!E15,"0") -> #REF! | K20: =IF('Controle Empresa'!#REF!="c",'Controle Empresa'!#REF!,"0") -> #REF!
C21: =IF('Controle Empresa'!#REF!="c",'Controle Empresa'!B16,"0") -> #REF! | G21: =IF('Controle Empresa'!#REF!="c",'Controle Empresa'!E16,"0") -> #REF! | K21: =IF('Controle Empresa'!#REF!="c",'Controle Empresa'!#REF!,"0") -> #REF!
C22: =IF('Controle Empresa'!#REF!="c",'Controle Empresa'!B17,"0") -> #REF! | G22: =IF('Controle Empresa'!#REF!="c",'Controle Empresa'!E17,"0") -> #REF! | K22: =IF('Controle Empresa'!#REF!="c",'Controle Empresa'!#REF!,"0") -> #REF!
C23: =IF('Controle Empresa'!#REF!="c",'Controle Empresa'!B18,"0") -> #REF! | G23: =IF('Controle Empresa'!#REF!="c",'Controle Empresa'!E18,"0") -> #REF! | K23: =IF('Controle Empresa'!#REF!="c",'Controle Empresa'!#REF!,"0") -> #REF!
... C31: =IF('Controle Empresa'!#REF!="c",'Controle Empresa'!B26,"0") -> #REF! | G31: =IF('Controle Empresa'!#REF!="c",'Controle Empresa'!E26,"0") -> #REF! | K31: =IF('Controle Empresa'!#REF!="c",'Controle Empresa'!#REF!,"0") -> #REF!
C32: =IF('Controle Empresa'!#REF!="c",'Controle Empresa'!#REF!,"0") -> #REF! | G32: Sem numeros | K32: Sem numeros
C33: =IF('Controle Empresa'!#REF!="c",'Controle Empresa'!#REF!,"0") -> #REF! | G33: Sem numeros | K33: Sem numeros
C34: =IF('Controle Empresa'!#REF!="c",'Controle Empresa'!B27,"0") -> #REF! | G34: =IF('Controle Empresa'!#REF!="c",'Controle Empresa'!E27,"0") -> #REF! | K34: =IF('Controle Empresa'!#REF!="c",'Controle Empresa'!#REF!,"0") -> #REF!
C35: =IF('Controle Empresa'!#REF!="c",'Controle Empresa'!B28,"0") -> #REF! | G35: =IF('Controle Empresa'!#REF!="c",'Controle Empresa'!E28,"0") -> #REF! | K35: =IF('Controle Empresa'!#REF!="c",'Controle Empresa'!#REF!,"0") -> #REF!
C36: =IF('Controle Empresa'!#REF!="c",'Controle Empresa'!B29,"0") -> #REF! | G36: =IF('Controle Empresa'!#REF!="c",'Controle Empresa'!E29,"0") -> #REF! | K36: =IF('Controle Empresa'!#REF!="c",'Controle Empresa'!#REF!,"0") -> #REF!
C37: =IF('Controle Empresa'!#REF!="c",'Controle Empresa'!B30,"0") -> #REF! | G37: =IF('Controle Empresa'!#REF!="c",'Controle Empresa'!E30,"0") -> #REF! | K37: =IF('Controle Empresa'!#REF!="c",'Controle Empresa'!#REF!,"0") -> #REF!
C38: =IF('Controle Empresa'!#REF!="c",'Controle Empresa'!B31,"0") -> #REF! | G38: =IF('Controle Empresa'!#REF!="c",'Controle Empresa'!E31,"0") -> #REF! | K38: =IF('Controle Empresa'!#REF!="c",'Controle Empresa'!#REF!,"0") -> #REF!
C39: =IF('Controle Empresa'!#REF!="c",'Controle Empresa'!B32,"0") -> #REF! | G39: =IF('Controle Empresa'!#REF!="c",'Controle Empresa'!E32,"0") -> #REF! | K39: =IF('Controle Empresa'!#REF!="c",'Controle Empresa'!#REF!,"0") -> #REF!
C40: =IF('Controle Empresa'!#REF!="c",'Controle Empresa'!#REF!,"0") -> #REF! | G40: Sem numeros | K40: Sem numeros
C41: =IF('Controle Empresa'!#REF!="c",'Controle Empresa'!#REF!,"0") -> #REF! | G41: Sem numeros | K41: Sem numeros
C42: =IF('Controle Empresa'!#REF!="c",'Controle Empresa'!B33,"0") -> #REF! | G42: =IF('Controle Empresa'!#REF!="c",'Controle Empresa'!E33,"0") -> #REF! | K42: =IF('Controle Empresa'!#REF!="c",'Controle Empresa'!#REF!,"0") -> #REF!
C43: =IF('Controle Empresa'!#REF!="c",'Controle Empresa'!B34,"0") -> #REF! | G43: =IF('Controle Empresa'!#REF!="c",'Controle Empresa'!E34,"0") -> #REF! | K43: =IF('Controle Empresa'!#REF!="c",'Controle Empresa'!#REF!,"0") -> #REF!
C44: =IF('Controle Empresa'!#REF!="c",'Controle Empresa'!B35,"0") -> #REF! | G44: =IF('Controle Empresa'!#REF!="c",'Controle Empresa'!E35,"0") -> #REF! | K44: =IF('Controle Empresa'!#REF!="c",'Controle Empresa'!#REF!,"0") -> #REF!
C45: =IF('Controle Empresa'!#REF!="c",'Controle Empresa'!B36,"0") -> #REF! | G45: =IF('Controle Empresa'!#REF!="c",'Controle Empresa'!E36,"0") -> #REF! | K45: =IF('Controle Empresa'!#REF!="c",'Controle Empresa'!#REF!,"0") -> #REF!
C46: =IF('Controle Empresa'!#REF!="c",'Controle Empresa'!B37,"0") -> #REF! | G46: =IF('Controle Empresa'!#REF!="c",'Controle Empresa'!E37,"0") -> #REF! | K46: =IF('Controle Empresa'!#REF!="c",'Controle Empresa'!#REF!,"0") -> #REF!
C47: =IF('Controle Empresa'!#REF!="c",'Controle Empresa'!B38,"0") -> #REF! | G47: =IF('Controle Empresa'!#REF!="c",'Controle Empresa'!E38,"0") -> #REF! | K47: =IF('Controle Empresa'!#REF!="c",'Controle Empresa'!#REF!,"0") -> #REF!
C48: =IF('Controle Empresa'!#REF!="c",'Controle Empresa'!B39,"0") -> #REF! | G48: =IF('Controle Empresa'!#REF!="c",'Controle Empresa'!E39,"0") -> #REF! | K48: =IF('Controle Empresa'!#REF!="c",'Controle Empresa'!#REF!,"0") -> #REF!
C49: =IF('Controle Empresa'!#REF!="c",'Controle Empresa'!B40,"0") -> #REF! | G49: =IF('Controle Empresa'!#REF!="c",'Controle Empresa'!E40,"0") -> #REF! | K49: =IF('Controle Empresa'!#REF!="c",'Controle Empresa'!#REF!,"0") -> #REF!
C50: =IF('Controle Empresa'!#REF!="c",'Controle Empresa'!#REF!,"0") -> #REF! | G50: =IF('Controle Empresa'!#REF!="c",'Controle Empresa'!#REF!,"0") -> #REF! | K50: =IF('Controle Empresa'!#REF!="c",'Controle Empresa'!#REF!,"0") -> #REF!
C51: =IF('Controle Empresa'!#REF!="c",'Controle Empresa'!#REF!,"0") -> #REF! | G51: =IF('Controle Empresa'!#REF!="c",'Controle Empresa'!#REF!,"0") -> #REF! | K51: =IF('Controle Empresa'!#REF!="c",'Controle Empresa'!#REF!,"0") -> #REF!
C52: =IF('Controle Empresa'!#REF!="c",'Controle Empresa'!#REF!,"0") -> #REF! | G52: =IF('Controle Empresa'!#REF!="c",'Controle Empresa'!#REF!,"0") -> #REF! | K52: =IF('Controle Empresa'!#REF!="c",'Controle Empresa'!#REF!,"0") -> #REF!
C53: =IF('Controle Empresa'!#REF!="c",'Controle Empresa'!B41,"0") -> #REF! | G53: =IF('Controle Empresa'!#REF!="c",'Controle Empresa'!E41,"0") -> #REF! | K53: =IF('Controle Empresa'!#REF!="c",'Controle Empresa'!#REF!,"0") -> #REF!
C54: =IF('Controle Empresa'!#REF!="c",'Controle Empresa'!B42,"0") -> #REF! | G54: =IF('Controle Empresa'!#REF!="c",'Controle Empresa'!E42,"0") -> #REF! | K54: =IF('Controle Empresa'!#REF!="c",'Controle Empresa'!#REF!,"0") -> #REF!
C55: =IF('Controle Empresa'!#REF!="c",'Controle Empresa'!#REF!,"0") -> #REF! | G55: Sem numeros | K55: Sem numeros
C56: =IF('Controle Empresa'!#REF!="c",'Controle Empresa'!#REF!,"0") -> #REF! | G56: Sem numeros | K56: Sem numeros
C57: =IF('Controle Empresa'!#REF!="c",'Controle Empresa'!#REF!,"0") -> #REF! | G57: =IF('Controle Empresa'!#REF!="c",'Controle Empresa'!#REF!,"0") -> #REF! | K57: =IF('Controle Empresa'!#REF!="c",'Controle Empresa'!#REF!,"0") -> #REF!
C58: =IF('Controle Empresa'!#REF!="c",'Controle Empresa'!#REF!,"0") -> #REF! | G58: =IF('Controle Empresa'!#REF!="c",'Controle Empresa'!#REF!,"0") -> #REF! | K58: =IF('Controle Empresa'!#REF!="c",'Controle Empresa'!#REF!,"0") -> #REF!
C59: =IF('Controle Empresa'!#REF!="c",'Controle Empresa'!#REF!,"0") -> #REF! | G59: =IF('Controle Empresa'!#REF!="c",'Controle Empresa'!#REF!,"0") -> #REF! | K59: =IF('Controle Empresa'!#REF!="c",'Controle Empresa'!#REF!,"0") -> #REF!
C60: =IF('Controle Empresa'!#REF!="c",'Controle Empresa'!#REF!,"0") -> #REF! | G60: =IF('Controle Empresa'!#REF!="c",'Controle Empresa'!#REF!,"0") -> #REF! | K60: =IF('Controle Empresa'!#REF!="c",'Controle Empresa'!#REF!,"0") -> #REF!
C61: =IF('Controle Empresa'!#REF!="c",'Controle Empresa'!#REF!,"0") -> #REF! | G61: =IF('Controle Empresa'!#REF!="c",'Controle Empresa'!#REF!,"0") -> #REF! | K61: =IF('Controle Empresa'!#REF!="c",'Controle Empresa'!#REF!,"0") -> #REF!
C62: =IF('Controle Empresa'!#REF!="c",'Controle Empresa'!#REF!,"0") -> #REF! | G62: =IF('Controle Empresa'!#REF!="c",'Controle Empresa'!#REF!,"0") -> #REF! | K62: =IF('Controle Empresa'!#REF!="c",'Controle Empresa'!#REF!,"0") -> #REF!
C63: =IF('Controle Empresa'!#REF!="c",'Controle Empresa'!#REF!,"0") -> #REF! | G63: =IF('Controle Empresa'!#REF!="c",'Controle Empresa'!#REF!,"0") -> #REF! | K63: =IF('Controle Empresa'!#REF!="c",'Controle Empresa'!#REF!,"0") -> #REF!
C64: =IF('Controle Empresa'!#REF!="c",'Controle Empresa'!#REF!,"0") -> #REF! | G64: =IF('Controle Empresa'!#REF!="c",'Controle Empresa'!#REF!,"0") -> #REF! | K64: =IF('Controle Empresa'!#REF!="c",'Controle Empresa'!#REF!,"0") -> #REF!
C65: =IF('Controle Empresa'!#REF!="c",'Controle Empresa'!#REF!,"0") -> #REF! | G65: Sem numeros | K65: Sem numeros
C66: =IF('Controle Empresa'!#REF!="c",'Controle Empresa'!#REF!,"0") -> #REF! | G66: Sem numeros | K66: Sem numeros
C67: =IF('Controle Empresa'!#REF!="c",'Controle Empresa'!#REF!,"0") -> #REF! | G67: =IF('Controle Empresa'!#REF!="c",'Controle Empresa'!#REF!,"0") -> #REF! | K67: Sem numeros
C68: =IF('Controle Empresa'!#REF!="c",'Controle Empresa'!#REF!,"0") -> #REF! | G68: =IF('Controle Empresa'!#REF!="c",'Controle Empresa'!#REF!,"0") -> #REF! | K68: =IF('Controle Empresa'!#REF!="c",'Controle Empresa'!#REF!,"0") -> #REF!
A69: Caixa | C69: =SUM(C10:C68) -> #REF! | E69: Caixa | G69: =SUM(G10:G68) -> #REF! | I69: Caixa | K69: =SUM(K10:K68) -> #REF!
A71: Receita Banco | E71: Despesas Fixas - Banco | I71: Despesas Variáveis - Banco
C72: =IF('Controle Empresa'!#REF!=0,"",IF(C10="0",'Controle Empresa'!#REF!)) -> #REF! | G72: =IF('Controle Empresa'!#REF!=0,"",IF(G10="0",'Controle Empresa'!#REF!)) -> #REF! | K72: =IF('Controle Empresa'!#REF!=0,"",IF(K10="0",'Controle Empresa'!#REF!)) -> #REF!
C73: =IF('Controle Empresa'!#REF!=0,"",IF(C11="0",'Controle Empresa'!#REF!)) -> #REF! | G73: =IF('Controle Empresa'!#REF!=0,"",IF(G11="0",'Controle Empresa'!#REF!)) -> #REF! | K73: =IF('Controle Empresa'!#REF!=0,"",IF(K11="0",'Controle Empresa'!#REF!)) -> #REF!
C74: =IF('Controle Empresa'!#REF!=0,"",IF(C12="0",'Controle Empresa'!B7)) -> #REF! | G74: =IF('Controle Empresa'!#REF!=0,"",IF(G12="0",'Controle Empresa'!E7)) -> #REF! | K74: =IF('Controle Empresa'!#REF!=0,"",IF(K12="0",'Controle Empresa'!#REF!)) -> #REF!
C75: =IF('Controle Empresa'!#REF!=0,"",IF(C13="0",'Controle Empresa'!B8)) -> #REF! | G75: =IF('Controle Empresa'!#REF!=0,"",IF(G13="0",'Controle Empresa'!E8)) -> #REF! | K75: =IF('Controle Empresa'!#REF!=0,"",IF(K13="0",'Controle Empresa'!#REF!)) -> #REF!
C76: =IF('Controle Empresa'!#REF!=0,"",IF(C14="0",'Controle Empresa'!B9)) -> #REF! | G76: =IF('Controle Empresa'!#REF!=0,"",IF(G14="0",'Controle Empresa'!E9)) -> #REF! | K76: =IF('Controle Empresa'!#REF!=0,"",IF(K14="0",'Controle Empresa'!#REF!)) -> #REF!
C77: =IF('Controle Empresa'!#REF!=0,"",IF(C15="0",'Controle Empresa'!B10)) -> #REF! | G77: =IF('Controle Empresa'!#REF!=0,"",IF(G15="0",'Controle Empresa'!E10)) -> #REF! | K77: =IF('Controle Empresa'!#REF!=0,"",IF(K15="0",'Controle Empresa'!#REF!)) -> #REF!
C78: =IF('Controle Empresa'!#REF!=0,"",IF(C16="0",'Controle Empresa'!B11)) -> #REF! | G78: =IF('Controle Empresa'!#REF!=0,"",IF(G16="0",'Controle Empresa'!E11)) -> #REF! | K78: =IF('Controle Empresa'!#REF!=0,"",IF(K16="0",'Controle Empresa'!#REF!)) -> #REF!
C79: =IF('Controle Empresa'!#REF!=0,"",IF(C17="0",'Controle Empresa'!B12)) -> #REF! | G79: =IF('Controle Empresa'!#REF!=0,"",IF(G17="0",'Controle Empresa'!E12)) -> #REF! | K79: =IF('Controle Empresa'!#REF!=0,"",IF(K17="0",'Controle Empresa'!#REF!)) -> #REF!
C80: =IF('Controle Empresa'!#REF!=0,"",IF(C18="0",'Controle Empresa'!B13)) -> #REF! | G80: =IF('Controle Empresa'!#REF!=0,"",IF(G18="0",'Controle Empresa'!E13)) -> #REF! | K80: =IF('Controle Empresa'!#REF!=0,"",IF(K18="0",'Controle Empresa'!#REF!)) -> #REF!
C81: =IF('Controle Empresa'!#REF!=0,"",IF(C19="0",'Controle Empresa'!B14)) -> #REF! | G81: =IF('Controle Empresa'!#REF!=0,"",IF(G19="0",'Controle Empresa'!E14)) -> #REF! | K81: =IF('Controle Empresa'!#REF!=0,"",IF(K19="0",'Controle Empresa'!#REF!)) -> #REF!
C82: =IF('Controle Empresa'!#REF!=0,"",IF(C20="0",'Controle Empresa'!B15)) -> #REF! | G82: =IF('Controle Empresa'!#REF!=0,"",IF(G20="0",'Controle Empresa'!E15)) -> #REF! | K82: =IF('Controle Empresa'!#REF!=0,"",IF(K20="0",'Controle Empresa'!#REF!)) -> #REF!
C83: =IF('Controle Empresa'!#REF!=0,"",IF(C21="0",'Controle Empresa'!B16)) -> #REF! | G83: =IF('Controle Empresa'!#REF!=0,"",IF(G21="0",'Controle Empresa'!E16)) -> #REF! | K83: =IF('Controle Empresa'!#REF!=0,"",IF(K21="0",'Controle Empresa'!#REF!)) -> #REF!
C84: =IF('Controle Empresa'!#REF!=0,"",IF(C22="0",'Controle Empresa'!B17)) -> #REF! | G84: =IF('Controle Empresa'!#REF!=0,"",IF(G22="0",'Controle Empresa'!E17)) -> #REF! | K84: =IF('Controle Empresa'!#REF!=0,"",IF(K22="0",'Controle Empresa'!#REF!)) -> #REF!
C85: =IF('Controle Empresa'!#REF!=0,"",IF(C23="0",'Controle Empresa'!B18)) -> #REF! | G85: =IF('Controle Empresa'!#REF!=0,"",IF(G23="0",'Controle Empresa'!E18)) -> #REF! | K85: =IF('Controle Empresa'!#REF!=0,"",IF(K23="0",'Controle Empresa'!#REF!)) -> #REF!
... C93: =IF('Controle Empresa'!#REF!=0,"",IF(C31="0",'Controle Empresa'!B26)) -> #REF! | G93: =IF('Controle Empresa'!#REF!=0,"",IF(G31="0",'Controle Empresa'!E26)) -> #REF! | K93: =IF('Controle Empresa'!#REF!=0,"",IF(K31="0",'Controle Empresa'!#REF!)) -> #REF!
C94: =IF('Controle Empresa'!#REF!=0,"",IF(C32="0",'Controle Empresa'!#REF!)) -> #REF! | G94: =IF('Controle Empresa'!#REF!=0,"",IF(G32="0",'Controle Empresa'!#REF!)) -> #REF! | K94: =IF('Controle Empresa'!#REF!=0,"",IF(K32="0",'Controle Empresa'!#REF!)) -> #REF!
C95: =IF('Controle Empresa'!#REF!=0,"",IF(C33="0",'Controle Empresa'!#REF!)) -> #REF! | G95: =IF('Controle Empresa'!#REF!=0,"",IF(G33="0",'Controle Empresa'!#REF!)) -> #REF! | K95: =IF('Controle Empresa'!#REF!=0,"",IF(K33="0",'Controle Empresa'!#REF!)) -> #REF!
C96: =IF('Controle Empresa'!#REF!=0,"",IF(C34="0",'Controle Empresa'!B27)) -> #REF! | G96: =IF('Controle Empresa'!#REF!=0,"",IF(G34="0",'Controle Empresa'!E27)) -> #REF! | K96: =IF('Controle Empresa'!#REF!=0,"",IF(K34="0",'Controle Empresa'!#REF!)) -> #REF!
C97: =IF('Controle Empresa'!#REF!=0,"",IF(C35="0",'Controle Empresa'!B28)) -> #REF! | G97: =IF('Controle Empresa'!#REF!=0,"",IF(G35="0",'Controle Empresa'!E28)) -> #REF! | K97: =IF('Controle Empresa'!#REF!=0,"",IF(K35="0",'Controle Empresa'!#REF!)) -> #REF!
C98: =IF('Controle Empresa'!#REF!=0,"",IF(C36="0",'Controle Empresa'!B29)) -> #REF! | G98: =IF('Controle Empresa'!#REF!=0,"",IF(G36="0",'Controle Empresa'!E29)) -> #REF! | K98: =IF('Controle Empresa'!#REF!=0,"",IF(K36="0",'Controle Empresa'!#REF!)) -> #REF!
C99: =IF('Controle Empresa'!#REF!=0,"",IF(C37="0",'Controle Empresa'!B30)) -> #REF! | G99: =IF('Controle Empresa'!#REF!=0,"",IF(G37="0",'Controle Empresa'!E30)) -> #REF! | K99: =IF('Controle Empresa'!#REF!=0,"",IF(K37="0",'Controle Empresa'!#REF!)) -> #REF!
C100: =IF('Controle Empresa'!#REF!=0,"",IF(C38="0",'Controle Empresa'!B31)) -> #REF! | G100: =IF('Controle Empresa'!#REF!=0,"",IF(G38="0",'Controle Empresa'!E31)) -> #REF! | K100: =IF('Controle Empresa'!#REF!=0,"",IF(K38="0",'Controle Empresa'!#REF!)) -> #REF!
C101: =IF('Controle Empresa'!#REF!=0,"",IF(C39="0",'Controle Empresa'!B32)) -> #REF! | G101: =IF('Controle Empresa'!#REF!=0,"",IF(G39="0",'Controle Empresa'!E32)) -> #REF! | K101: =IF('Controle Empresa'!#REF!=0,"",IF(K39="0",'Controle Empresa'!#REF!)) -> #REF!
C102: =IF('Controle Empresa'!#REF!=0,"",IF(C40="0",'Controle Empresa'!#REF!)) -> #REF! | G102: =IF('Controle Empresa'!#REF!=0,"",IF(G40="0",'Controle Empresa'!#REF!)) -> #REF! | K102: =IF('Controle Empresa'!#REF!=0,"",IF(K40="0",'Controle Empresa'!#REF!)) -> #REF!
C103: =IF('Controle Empresa'!#REF!=0,"",IF(C41="0",'Controle Empresa'!#REF!)) -> #REF! | G103: =IF('Controle Empresa'!#REF!=0,"",IF(G41="0",'Controle Empresa'!#REF!)) -> #REF! | K103: =IF('Controle Empresa'!#REF!=0,"",IF(K41="0",'Controle Empresa'!#REF!)) -> #REF!
C104: =IF('Controle Empresa'!#REF!=0,"",IF(C42="0",'Controle Empresa'!B33)) -> #REF! | G104: =IF('Controle Empresa'!#REF!=0,"",IF(G42="0",'Controle Empresa'!E33)) -> #REF! | K104: =IF('Controle Empresa'!#REF!=0,"",IF(K42="0",'Controle Empresa'!#REF!)) -> #REF!
C105: =IF('Controle Empresa'!#REF!=0,"",IF(C43="0",'Controle Empresa'!B34)) -> #REF! | G105: =IF('Controle Empresa'!#REF!=0,"",IF(G43="0",'Controle Empresa'!E34)) -> #REF! | K105: =IF('Controle Empresa'!#REF!=0,"",IF(K43="0",'Controle Empresa'!#REF!)) -> #REF!
C106: =IF('Controle Empresa'!#REF!=0,"",IF(C44="0",'Controle Empresa'!B35)) -> #REF! | G106: =IF('Controle Empresa'!#REF!=0,"",IF(G44="0",'Controle Empresa'!E35)) -> #REF! | K106: =IF('Controle Empresa'!#REF!=0,"",IF(K44="0",'Controle Empresa'!#REF!)) -> #REF!
C107: =IF('Controle Empresa'!#REF!=0,"",IF(C45="0",'Controle Empresa'!B36)) -> #REF! | G107: =IF('Controle Empresa'!#REF!=0,"",IF(G45="0",'Controle Empresa'!E36)) -> #REF! | K107: =IF('Controle Empresa'!#REF!=0,"",IF(K45="0",'Controle Empresa'!#REF!)) -> #REF!
C108: =IF('Controle Empresa'!#REF!=0,"",IF(C46="0",'Controle Empresa'!B37)) -> #REF! | G108: =IF('Controle Empresa'!#REF!=0,"",IF(G46="0",'Controle Empresa'!E37)) -> #REF! | K108: =IF('Controle Empresa'!#REF!=0,"",IF(K46="0",'Controle Empresa'!#REF!)) -> #REF!
C109: =IF('Controle Empresa'!#REF!=0,"",IF(C47="0",'Controle Empresa'!B38)) -> #REF! | G109: =IF('Controle Empresa'!#REF!=0,"",IF(G47="0",'Controle Empresa'!E38)) -> #REF! | K109: =IF('Controle Empresa'!#REF!=0,"",IF(K47="0",'Controle Empresa'!#REF!)) -> #REF!
C110: =IF('Controle Empresa'!#REF!=0,"",IF(C48="0",'Controle Empresa'!B39)) -> #REF! | G110: =IF('Controle Empresa'!#REF!=0,"",IF(G48="0",'Controle Empresa'!E39)) -> #REF! | K110: =IF('Controle Empresa'!#REF!=0,"",IF(K48="0",'Controle Empresa'!#REF!)) -> #REF!
C111: =IF('Controle Empresa'!#REF!=0,"",IF(C49="0",'Controle Empresa'!B40)) -> #REF! | G111: =IF('Controle Empresa'!#REF!=0,"",IF(G49="0",'Controle Empresa'!E40)) -> #REF! | K111: =IF('Controle Empresa'!#REF!=0,"",IF(K49="0",'Controle Empresa'!#REF!)) -> #REF!
C112: =IF('Controle Empresa'!#REF!=0,"",IF(C50="0",'Controle Empresa'!#REF!)) -> #REF! | G112: =IF('Controle Empresa'!#REF!=0,"",IF(G50="0",'Controle Empresa'!#REF!)) -> #REF! | K112: =IF('Controle Empresa'!#REF!=0,"",IF(K50="0",'Controle Empresa'!#REF!)) -> #REF!
C113: =IF('Controle Empresa'!#REF!=0,"",IF(C51="0",'Controle Empresa'!#REF!)) -> #REF! | G113: =IF('Controle Empresa'!#REF!=0,"",IF(G51="0",'Controle Empresa'!#REF!)) -> #REF! | K113: =IF('Controle Empresa'!#REF!=0,"",IF(K51="0",'Controle Empresa'!#REF!)) -> #REF!
C114: =IF('Controle Empresa'!#REF!=0,"",IF(C52="0",'Controle Empresa'!#REF!)) -> #REF! | G114: =IF('Controle Empresa'!#REF!=0,"",IF(G52="0",'Controle Empresa'!#REF!)) -> #REF! | K114: =IF('Controle Empresa'!#REF!=0,"",IF(K52="0",'Controle Empresa'!#REF!)) -> #REF!
C115: =IF('Controle Empresa'!#REF!=0,"",IF(C53="0",'Controle Empresa'!B41)) -> #REF! | G115: =IF('Controle Empresa'!#REF!=0,"",IF(G53="0",'Controle Empresa'!E41)) -> #REF! | K115: =IF('Controle Empresa'!#REF!=0,"",IF(K53="0",'Controle Empresa'!#REF!)) -> #REF!
C116: =IF('Controle Empresa'!#REF!=0,"",IF(C54="0",'Controle Empresa'!B42)) -> #REF! | G116: =IF('Controle Empresa'!#REF!=0,"",IF(G54="0",'Controle Empresa'!E42)) -> #REF! | K116: =IF('Controle Empresa'!#REF!=0,"",IF(K54="0",'Controle Empresa'!#REF!)) -> #REF!
C117: =IF('Controle Empresa'!#REF!=0,"",IF(C55="0",'Controle Empresa'!#REF!)) -> #REF! | G117: =IF('Controle Empresa'!#REF!=0,"",IF(G55="0",'Controle Empresa'!#REF!)) -> #REF! | K117: =IF('Controle Empresa'!#REF!=0,"",IF(K55="0",'Controle Empresa'!#REF!)) -> #REF!
...

Sheet Investimentos Empresa
A1: Planilha de Controle Mensal - Investimentos - Empresa
A2: Mês: | C2: Janeiro/2026.
A3: Controle Saldo Banco
A4: Nome dos investimentos | G4: Acumulado | H4: =C2 -> Janeiro/2026. | J4: Saldo a transferir
A5: Investimento Nubank | G5: 60 | H5: 60 | J5: =G5+H5 -> 120
A6: Dinheiro escondido | G6: 500 | H6: 100 | J6: =G6+H6 -> 600
J7: =G7+H7 -> 0
J8: =G8+H8 -> 0
J9: =G9+H9 -> 0
A10: Total 01 | G10: =SUM(G5:G9) -> 560 | H10: =SUM(H5:H9) -> 160 | J10: =SUM(J5:K9) -> 720
A13: Exemplo Investimentos ou reserva financeira - simulação dinheiro debaixo do cochão - : )
A15: Receita Mensal ou valor a estipular | E15: 1100 | G15: Receita Mensal ou valor a estipular | K15: =E15 -> 1100
A16: Percentual a Economizar | E16: 0.05 | G16: Percentual a Economizar | K16: 0.1
A17: Valor a Economizar mensal | E17: =E15*E16 -> 55 | G17: Valor a Economizar mensal | K17: =K15*K16 -> 110
A19: No Ano - 12 Meses - terei: | D19: 12 | E19: =E17*D19 -> 660 | G19: No Ano - 12 Meses - terei: | J19: 12 | K19: =K17*J19 -> 1320
A21: Em 5 Anos - 60 Meses - terei: | D21: 60 | E21: =E17*D21 -> 3300 | G21: Em 5 Anos - 60 Meses - terei: | J21: 60 | K21: =K17*J21 -> 6600
A24: Receita Mensal ou valor a estipular | E24: 2000 | G24: Receita Mensal ou valor a estipular | K24: =E24 -> 2000
A25: Percentual a Economizar | E25: 0.05 | G25: Percentual a Economizar | K25: 0.1
A26: Valor a Economizar mensal | E26: =E24*E25 -> 100 | G26: Valor a Economizar mensal | K26: =K24*K25 -> 200
A28: No Ano - 12 Meses - terei: | D28: 12 | E28: =E26*D28 -> 1200 | G28: No Ano - 12 Meses - terei: | J28: 12 | K28: =K26*J28 -> 2400
A30: Em 5 Anos - 60 Meses - terei: | D30: 60 | E30: =E26*D30 -> 6000 | G30: Em 5 Anos - 60 Meses - terei: | J30: 60 | K30: =K26*J30 -> 12000
A33: Exemplo Investimentos - simulação com valor aplicado em um Banco como exemplo o Nubank *
A34: * Não tem tarifa mensal e o valor aplicado rede 100% do CDI - hoje (dia 10/11/2021 - está ao ano 7,65% - Mês 0,6375%
A35: * Na simulação foi colocar 0,5% para facilitar o calculo.
A37: Valor mensal a economizar | C37: 55 | D37: Rendimento | E37: Acumulado | G37: Valor mensal a economizar | I37: 110 | J37: Rendimento | K37: Acumulado
A38: Percentual mensal de rendimento | C38: 0.005 | G38: Percentual mensal de rendimento | I38: 0.005
A39: Quantidade de meses | B39: Meses | C39: Economia | G39: Quantidade de meses | H39: Meses | I39: Economia
A40: Mês 01 | B40: 44501 | C40: =$C$37 -> 55 | D40: =0 -> 0 | E40: =C40 -> 55 | G40: Mês 01 | H40: 44501 | I40: =$I$37 -> 110 | J40: =0 -> 0 | K40: =I40 -> 110
A41: Mês 02 | B41: 44531 | C41: =$C$37 -> 55 | D41: =E40*$C$38 -> 0.275 | E41: =E40+(E40*$C$38)+C41 -> 110.275 | G41: Mês 02 | H41: 44531 | I41: =$I$37 -> 110 | J41: =K40*$I$38 -> 0.55 | K41: =K40+(K40*$I$38)+I41 -> 220.55
A42: Mês 03 | B42: 44562 | C42: =$C$37 -> 55 | D42: =E41*$C$38 -> 0.551375 | E42: =E41+(E41*$C$38)+C42 -> 165.82637 | G42: Mês 03 | H42: 44562 | I42: =$I$37 -> 110 | J42: =K41*$I$38 -> 1.10275 | K42: =K41+(K41*$I$38)+I42 -> 331.65275
A43: Mês 04 | B43: 44593 | C43: =$C$37 -> 55 | D43: =E42*$C$38 -> 0.82913187 | E43: =E42+(E42*$C$38)+C43 -> 221.65551 | G43: Mês 04 | H43: 44593 | I43: =$I$37 -> 110 | J43: =K42*$I$38 -> 1.6582637 | K43: =K42+(K42*$I$38)+I43 -> 443.31101
A44: Mês 05 | B44: 44621 | C44: =$C$37 -> 55 | D44: =E43*$C$38 -> 1.1082775 | E44: =E43+(E43*$C$38)+C44 -> 277.76378 | G44: Mês 05 | H44: 44621 | I44: =$I$37 -> 110 | J44: =K43*$I$38 -> 2.2165551 | K44: =K43+(K43*$I$38)+I44 -> 555.52757
A45: Mês 06 | B45: 44652 | C45: =$C$37 -> 55 | D45: =E44*$C$38 -> 1.3888189 | E45: =E44+(E44*$C$38)+C45 -> 334.1526 | G45: Mês 06 | H45: 44652 | I45: =$I$37 -> 110 | J45: =K44*$I$38 -> 2.7776378 | K45: =K44+(K44*$I$38)+I45 -> 668.30521
A46: Mês 07 | B46: 44682 | C46: =$C$37 -> 55 | D46: =E45*$C$38 -> 1.670763 | E46: =E45+(E45*$C$38)+C46 -> 390.82337 | G46: Mês 07 | H46: 44682 | I46: =$I$37 -> 110 | J46: =K45*$I$38 -> 3.341526 | K46: =K45+(K45*$I$38)+I46 -> 781.64673
A47: Mês 08 | B47: 44713 | C47: =$C$37 -> 55 | D47: =E46*$C$38 -> 1.9541168 | E47: =E46+(E46*$C$38)+C47 -> 447.77748 | G47: Mês 08 | H47: 44713 | I47: =$I$37 -> 110 | J47: =K46*$I$38 -> 3.9082337 | K47: =K46+(K46*$I$38)+I47 -> 895.55497
A48: Mês 09 | B48: 44743 | C48: =$C$37 -> 55 | D48: =E47*$C$38 -> 2.2388874 | E48: =E47+(E47*$C$38)+C48 -> 505.01637 | G48: Mês 09 | H48: 44743 | I48: =$I$37 -> 110 | J48: =K47*$I$38 -> 4.4777748 | K48: =K47+(K47*$I$38)+I48 -> 1010.0327
A49: Mês 10 | B49: 44774 | C49: =$C$37 -> 55 | D49: =E48*$C$38 -> 2.5250819 | E49: =E48+(E48*$C$38)+C49 -> 562.54145 | G49: Mês 10 | H49: 44774 | I49: =$I$37 -> 110 | J49: =K48*$I$38 -> 5.0501637 | K49: =K48+(K48*$I$38)+I49 -> 1125.0829
A50: Mês 11 | B50: 44805 | C50: =$C$37 -> 55 | D50: =E49*$C$38 -> 2.8127073 | E50: =E49+(E49*$C$38)+C50 -> 620.35416 | G50: Mês 11 | H50: 44805 | I50: =$I$37 -> 110 | J50: =K49*$I$38 -> 5.6254145 | K50: =K49+(K49*$I$38)+I50 -> 1240.7083
A51: Mês 12 | B51: 44835 | C51: =$C$37 -> 55 | D51: =E50*$C$38 -> 3.1017708 | E51: =E50+(E50*$C$38)+C51 -> 678.45593 | G51: Mês 12 | H51: 44835 | I51: =$I$37 -> 110 | J51: =K50*$I$38 -> 6.2035416 | K51: =K50+(K50*$I$38)+I51 -> 1356.9119
A52: Mês 13 | B52: 44866 | C52: =$C$37 -> 55 | D52: =E51*$C$38 -> 3.3922797 | E52: =E51+(E51*$C$38)+C52 -> 736.84821 | G52: Mês 13 | H52: 44866 | I52: =$I$37 -> 110 | J52: =K51*$I$38 -> 6.7845593 | K52: =K51+(K51*$I$38)+I52 -> 1473.6964
... A99: Mês 60 | B99: 46296 | C99: =$C$37 -> 55 | D99: =E98*$C$38 -> 18.81767 | E99: =E98+(E98*$C$38)+C99 -> 3837.3517 | G99: Mês 60 | H99: 46296 | I99: =$I$37 -> 110 | J99: =K98*$I$38 -> 37.63534 | K99: =K98+(K98*$I$38)+I99 -> 7674.7034
A100: Total economizado final de 5 anos ** | C100: =SUM(C40:C99) -> 3300 | D100: =SUM(D40:D99) -> 537.35168 | E100: =E99 -> 3837.3517 | G100: Total economizado final de 5 anos ** | I100: =SUM(I40:I99) -> 6600 | J100: =SUM(J40:J99) -> 1074.7034 | K100: =K99 -> 7674.7034
A103: Simulação feita na Calculadora do Site do Banco Central ** | G103: Simulação feita na Calculadora do Site do Banco Central **
A104: ** Veja que tem uma pequena diferença nas simulações. | G104: ** Veja que tem uma pequena diferença nas simulações.
A105: Esses exemplos são simulações, que podem variar em cada situação. | G105: Esses exemplos são simulações, que podem variar em cada situação.
A106: Em caso de dúvidas procurar um especialista. | G106: Em caso de dúvidas procurar um especialista.
A124: Observação final: O importante é ter a rotina de guardar dinheiro, não importa o valor. Crie essa Rotina na seu dia a dia. Simplesmente comece. : )

Sheet --#--

Sheet Controle - Pessoal
A1: Planilha de Controle Mensal ( Receitas / Despesas ) - Pessoal
A2: Mês: | B2: Janeiro/2026.
A6: Descrição | B6: Valores | D6: Descrição | E6: Valor (R$)
G7: www.tomadeconta.com.br
A8: Valor da Retirado da Empresa | B8: 4000 | D8: Condomínio | E8: 350
D9: Aluguel | E9: 700
D10: Energia Elétrica | E10: 100
D12: Refeiç - Almoço | E12: 300
D13: Refeiç - Jantar | E13: 200
D14: Superm - Dia a dia | E14: 300
D15: Superm - Mensal | E15: 600
D16: Carnes peixes frango | E16: 100
D19: Farmácia | E19: 50
D20: Plano de Saúde | E20: 450
D23: Lazer | E23: 200
D25: Tarifas Bancárias | E25: 50
B43: =SUM(B7:B42) -> 4000 | E43: =SUM(E7:E42) -> 3400
A45: Resumo
B47: Discriminação | E47: Valores
B48: Receita Mensal | E48: =B43 -> 4000
B49: Despesa Mensal | E49: =E43 -> 3400
B51: Resultado | E51: =E48-E49 -> 600
B53: Economia mensal | E53: =E51/E48 -> 0.15
D55: Projeto Social
D58: www.tomadeconta.com.br

Sheet (Formulas - Casa)
A1: Receitas | E1: Despesas Fixas | I1: Despesas Variáveis
A2: Caixa | C2: =C66 -> #REF! | E2: Caixa | G2: =G66 -> #REF! | I2: Caixa | K2: =K66 -> #REF!
A3: Banco | C3: =C126 -> #REF! | E3: Banco | G3: =G126 -> #REF! | I3: Banco | K3: =K126 -> #REF!
B5: =ROUND('Controle - Pessoal'!#REF!,2) -> #REF! | I5: Despesas Total
I6: Caixa | K6: =G2+K2 -> #REF!
B7: =ROUND('Controle - Pessoal'!#REF!,2) -> #REF! | I7: Banco | K7: =G3+K3 -> #REF!
A9: Receita Caixa | E9: Despesas Fixas - Caixa | I9: Despesas Variáveis - Caixa
C10: =IF('Controle - Pessoal'!#REF!="c",'Controle - Pessoal'!B5,"0") -> #REF! | G10: Sem numeros | K10: Sem numeros
C11: =IF('Controle - Pessoal'!#REF!="c",'Controle - Pessoal'!B6,"0") -> #REF! | G11: Sem numeros | K11: Sem numeros
C12: =IF('Controle - Pessoal'!#REF!="c",'Controle - Pessoal'!#REF!,"0") -> #REF! | G12: Sem numeros | K12: Sem numeros
C13: =IF('Controle - Pessoal'!#REF!="c",'Controle - Pessoal'!#REF!,"0") -> #REF! | G13: =IF('Controle - Pessoal'!#REF!="c",'Controle - Pessoal'!E7,"0") -> #REF! | K13: =IF('Controle - Pessoal'!#REF!="c",'Controle - Pessoal'!#REF!,"0") -> #REF!
C14: =IF('Controle - Pessoal'!#REF!="c",'Controle - Pessoal'!#REF!,"0") -> #REF! | G14: =IF('Controle - Pessoal'!#REF!="c",'Controle - Pessoal'!E8,"0") -> #REF! | K14: =IF('Controle - Pessoal'!#REF!="c",'Controle - Pessoal'!#REF!,"0") -> #REF!
C15: =IF('Controle - Pessoal'!#REF!="c",'Controle - Pessoal'!B7,"0") -> #REF! | G15: =IF('Controle - Pessoal'!#REF!="c",'Controle - Pessoal'!E9,"0") -> #REF! | K15: =IF('Controle - Pessoal'!#REF!="c",'Controle - Pessoal'!#REF!,"0") -> #REF!
C16: =IF('Controle - Pessoal'!#REF!="c",'Controle - Pessoal'!B8,"0") -> #REF! | G16: =IF('Controle - Pessoal'!#REF!="c",'Controle - Pessoal'!E10,"0") -> #REF! | K16: =IF('Controle - Pessoal'!#REF!="c",'Controle - Pessoal'!#REF!,"0") -> #REF!
C17: =IF('Controle - Pessoal'!#REF!="c",'Controle - Pessoal'!B9,"0") -> #REF! | G17: =IF('Controle - Pessoal'!#REF!="c",'Controle - Pessoal'!E11,"0") -> #REF! | K17: =IF('Controle - Pessoal'!#REF!="c",'Controle - Pessoal'!#REF!,"0") -> #REF!
C18: =IF('Controle - Pessoal'!#REF!="c",'Controle - Pessoal'!B10,"0") -> #REF! | G18: =IF('Controle - Pessoal'!#REF!="c",'Controle - Pessoal'!E12,"0") -> #REF! | K18: =IF('Controle - Pessoal'!#REF!="c",'Controle - Pessoal'!#REF!,"0") -> #REF!
C19: =IF('Controle - Pessoal'!#REF!="c",'Controle - Pessoal'!B11,"0") -> #REF! | G19: =IF('Controle - Pessoal'!#REF!="c",'Controle - Pessoal'!E13,"0") -> #REF! | K19: =IF('Controle - Pessoal'!#REF!="c",'Controle - Pessoal'!#REF!,"0") -> #REF!
C20: =IF('Controle - Pessoal'!#REF!="c",'Controle - Pessoal'!B12,"0") -> #REF! | G20: =IF('Controle - Pessoal'!#REF!="c",'Controle - Pessoal'!E14,"0") -> #REF! | K20: =IF('Controle - Pessoal'!#REF!="c",'Controle - Pessoal'!#REF!,"0") -> #REF!
C21: =IF('Controle - Pessoal'!#REF!="c",'Controle - Pessoal'!B13,"0") -> #REF! | G21: =IF('Controle - Pessoal'!#REF!="c",'Controle - Pessoal'!E15,"0") -> #REF! | K21: =IF('Controle - Pessoal'!#REF!="c",'Controle - Pessoal'!#REF!,"0") -> #REF!
C22: =IF('Controle - Pessoal'!#REF!="c",'Controle - Pessoal'!B14,"0") -> #REF! | G22: =IF('Controle - Pessoal'!#REF!="c",'Controle - Pessoal'!E16,"0") -> #REF! | K22: =IF('Controle - Pessoal'!#REF!="c",'Controle - Pessoal'!#REF!,"0") -> #REF!
C23: =IF('Controle - Pessoal'!#REF!="c",'Controle - Pessoal'!B15,"0") -> #REF! | G23: =IF('Controle - Pessoal'!#REF!="c",'Controle - Pessoal'!E17,"0") -> #REF! | K23: =IF('Controle - Pessoal'!#REF!="c",'Controle - Pessoal'!#REF!,"0") -> #REF!
C24: =IF('Controle - Pessoal'!#REF!="c",'Controle - Pessoal'!B16,"0") -> #REF! | G24: =IF('Controle - Pessoal'!#REF!="c",'Controle - Pessoal'!E18,"0") -> #REF! | K24: =IF('Controle - Pessoal'!#REF!="c",'Controle - Pessoal'!#REF!,"0") -> #REF!
C25: =IF('Controle - Pessoal'!#REF!="c",'Controle - Pessoal'!B17,"0") -> #REF! | G25: Sem numeros | K25: Sem numeros
C26: =IF('Controle - Pessoal'!#REF!="c",'Controle - Pessoal'!B18,"0") -> #REF! | G26: Sem numeros | K26: Sem numeros
C27: =IF('Controle - Pessoal'!#REF!="c",'Controle - Pessoal'!#REF!,"0") -> #REF! | G27: Sem numeros | K27: Sem numeros
C28: =IF('Controle - Pessoal'!#REF!="c",'Controle - Pessoal'!#REF!,"0") -> #REF! | G28: =IF('Controle - Pessoal'!#REF!="c",'Controle - Pessoal'!E19,"0") -> #REF! | K28: =IF('Controle - Pessoal'!#REF!="c",'Controle - Pessoal'!#REF!,"0") -> #REF!
C29: =IF('Controle - Pessoal'!#REF!="c",'Controle - Pessoal'!#REF!,"0") -> #REF! | G29: =IF('Controle - Pessoal'!#REF!="c",'Controle - Pessoal'!#REF!,"0") -> #REF! | K29: =IF('Controle - Pessoal'!#REF!="c",'Controle - Pessoal'!#REF!,"0") -> #REF!
C30: =IF('Controle - Pessoal'!#REF!="c",'Controle - Pessoal'!B19,"0") -> #REF! | G30: =IF('Controle - Pessoal'!#REF!="c",'Controle - Pessoal'!#REF!,"0") -> #REF! | K30: =IF('Controle - Pessoal'!#REF!="c",'Controle - Pessoal'!#REF!,"0") -> #REF!
C31: =IF('Controle - Pessoal'!#REF!="c",'Controle - Pessoal'!#REF!,"0") -> #REF! | G31: =IF('Controle - Pessoal'!#REF!="c",'Controle - Pessoal'!E20,"0") -> #REF! | K31: =IF('Controle - Pessoal'!#REF!="c",'Controle - Pessoal'!#REF!,"0") -> #REF!
C32: =IF('Controle - Pessoal'!#REF!="c",'Controle - Pessoal'!#REF!,"0") -> #REF! | G32: =IF('Controle - Pessoal'!#REF!="c",'Controle - Pessoal'!E21,"0") -> #REF! | K32: =IF('Controle - Pessoal'!#REF!="c",'Controle - Pessoal'!#REF!,"0") -> #REF!
C33: =IF('Controle - Pessoal'!#REF!="c",'Controle - Pessoal'!B20,"0") -> #REF! | G33: =IF('Controle - Pessoal'!#REF!="c",'Controle - Pessoal'!E22,"0") -> #REF! | K33: =IF('Controle - Pessoal'!#REF!="c",'Controle - Pessoal'!#REF!,"0") -> #REF!
C34: =IF('Controle - Pessoal'!#REF!="c",'Controle - Pessoal'!B21,"0") -> #REF! | G34: =IF('Controle - Pessoal'!#REF!="c",'Controle - Pessoal'!E23,"0") -> #REF! | K34: =IF('Controle - Pessoal'!#REF!="c",'Controle - Pessoal'!#REF!,"0") -> #REF!
C35: =IF('Controle - Pessoal'!#REF!="c",'Controle - Pessoal'!B22,"0") -> #REF! | G35: =IF('Controle - Pessoal'!#REF!="c",'Controle - Pessoal'!E24,"0") -> #REF! | K35: =IF('Controle - Pessoal'!#REF!="c",'Controle - Pessoal'!#REF!,"0") -> #REF!
C36: =IF('Controle - Pessoal'!#REF!="c",'Controle - Pessoal'!B23,"0") -> #REF! | G36: Sem numeros | K36: Sem numeros
C37: =IF('Controle - Pessoal'!#REF!="c",'Controle - Pessoal'!B24,"0") -> #REF! | G37: Sem numeros | K37: Sem numeros
C38: =IF('Controle - Pessoal'!#REF!="c",'Controle - Pessoal'!#REF!,"0") -> #REF! | G38: Sem numeros | K38: Sem numeros
C39: =IF('Controle - Pessoal'!#REF!="c",'Controle - Pessoal'!#REF!,"0") -> #REF! | G39: =IF('Controle - Pessoal'!#REF!="c",'Controle - Pessoal'!E25,"0") -> #REF! | K39: =IF('Controle - Pessoal'!#REF!="c",'Controle - Pessoal'!#REF!,"0") -> #REF!
C40: =IF('Controle - Pessoal'!#REF!="c",'Controle - Pessoal'!#REF!,"0") -> #REF! | G40: =IF('Controle - Pessoal'!#REF!="c",'Controle - Pessoal'!E26,"0") -> #REF! | K40: =IF('Controle - Pessoal'!#REF!="c",'Controle - Pessoal'!#REF!,"0") -> #REF!
C41: =IF('Controle - Pessoal'!#REF!="c",'Controle - Pessoal'!B25,"0") -> #REF! | G41: =IF('Controle - Pessoal'!#REF!="c",'Controle - Pessoal'!E37,"0") -> #REF! | K41: =IF('Controle - Pessoal'!#REF!="c",'Controle - Pessoal'!#REF!,"0") -> #REF!
C42: =IF('Controle - Pessoal'!#REF!="c",'Controle - Pessoal'!B26,"0") -> #REF! | G42: =IF('Controle - Pessoal'!#REF!="c",'Controle - Pessoal'!E38,"0") -> #REF! | K42: =IF('Controle - Pessoal'!#REF!="c",'Controle - Pessoal'!#REF!,"0") -> #REF!
C43: =IF('Controle - Pessoal'!#REF!="c",'Controle - Pessoal'!B37,"0") -> #REF! | G43: =IF('Controle - Pessoal'!#REF!="c",'Controle - Pessoal'!E39,"0") -> #REF! | K43: =IF('Controle - Pessoal'!#REF!="c",'Controle - Pessoal'!#REF!,"0") -> #REF!
C44: =IF('Controle - Pessoal'!#REF!="c",'Controle - Pessoal'!B38,"0") -> #REF! | G44: =IF('Controle - Pessoal'!#REF!="c",'Controle - Pessoal'!#REF!,"0") -> #REF! | K44: =IF('Controle - Pessoal'!#REF!="c",'Controle - Pessoal'!#REF!,"0") -> #REF!
C45: =IF('Controle - Pessoal'!#REF!="c",'Controle - Pessoal'!B39,"0") -> #REF! | G45: Sem numeros | K45: Sem numeros
C46: =IF('Controle - Pessoal'!#REF!="c",'Controle - Pessoal'!#REF!,"0") -> #REF! | G46: Sem numeros | K46: Sem numeros
C47: =IF('Controle - Pessoal'!#REF!="c",'Controle - Pessoal'!#REF!,"0") -> #REF! | G47: Sem numeros | K47: Sem numeros
C48: =IF('Controle - Pessoal'!#REF!="c",'Controle - Pessoal'!#REF!,"0") -> #REF! | G48: =IF('Controle - Pessoal'!#REF!="c",'Controle - Pessoal'!#REF!,"0") -> #REF! | K48: =IF('Controle - Pessoal'!#REF!="c",'Controle - Pessoal'!#REF!,"0") -> #REF!
C49: =IF('Controle - Pessoal'!#REF!="c",'Controle - Pessoal'!#REF!,"0") -> #REF! | G49: =IF('Controle - Pessoal'!#REF!="c",'Controle - Pessoal'!#REF!,"0") -> #REF! | K49: =IF('Controle - Pessoal'!#REF!="c",'Controle - Pessoal'!#REF!,"0") -> #REF!
C50: =IF('Controle - Pessoal'!#REF!="c",'Controle - Pessoal'!#REF!,"0") -> #REF! | G50: =IF('Controle - Pessoal'!#REF!="c",'Controle - Pessoal'!#REF!,"0") -> #REF! | K50: =IF('Controle - Pessoal'!#REF!="c",'Controle - Pessoal'!#REF!,"0") -> #REF!
C51: =IF('Controle - Pessoal'!#REF!="c",'Controle - Pessoal'!#REF!,"0") -> #REF! | G51: =IF('Controle - Pessoal'!#REF!="c",'Controle - Pessoal'!#REF!,"0") -> #REF! | K51: =IF('Controle - Pessoal'!#REF!="c",'Controle - Pessoal'!#REF!,"0") -> #REF!
C52: =IF('Controle - Pessoal'!#REF!="c",'Controle - Pessoal'!#REF!,"0") -> #REF! | G52: =IF('Controle - Pessoal'!#REF!="c",'Controle - Pessoal'!#REF!,"0") -> #REF! | K52: =IF('Controle - Pessoal'!#REF!="c",'Controle - Pessoal'!#REF!,"0") -> #REF!
C53: =IF('Controle - Pessoal'!#REF!="c",'Controle - Pessoal'!#REF!,"0") -> #REF! | G53: =IF('Controle - Pessoal'!#REF!="c",'Controle - Pessoal'!#REF!,"0") -> #REF! | K53: Sem numeros
C54: =IF('Controle - Pessoal'!#REF!="c",'Controle - Pessoal'!#REF!,"0") -> #REF! | G54: =IF('Controle - Pessoal'!#REF!="c",'Controle - Pessoal'!#REF!,"0") -> #REF! | K54: Sem numeros
C55: =IF('Controle - Pessoal'!#REF!="c",'Controle - Pessoal'!#REF!,"0") -> #REF! | G55: =IF('Controle - Pessoal'!#REF!="c",'Controle - Pessoal'!#REF!,"0") -> #REF! | K55: Sem numeros
C56: =IF('Controle - Pessoal'!#REF!="c",'Controle - Pessoal'!#REF!,"0") -> #REF! | G56: =IF('Controle - Pessoal'!#REF!="c",'Controle - Pessoal'!#REF!,"0") -> #REF! | K56: =IF('Controle - Pessoal'!#REF!="c",'Controle - Pessoal'!#REF!,"0") -> #REF!
C57: =IF('Controle - Pessoal'!#REF!="c",'Controle - Pessoal'!#REF!,"0") -> #REF! | G57: =IF('Controle - Pessoal'!#REF!="c",'Controle - Pessoal'!#REF!,"0") -> #REF! | K57: =IF('Controle - Pessoal'!#REF!="c",'Controle - Pessoal'!#REF!,"0") -> #REF!
C58: =IF('Controle - Pessoal'!#REF!="c",'Controle - Pessoal'!#REF!,"0") -> #REF! | G58: =IF('Controle - Pessoal'!#REF!="c",'Controle - Pessoal'!#REF!,"0") -> #REF! | K58: =IF('Controle - Pessoal'!#REF!="c",'Controle - Pessoal'!#REF!,"0") -> #REF!
C59: =IF('Controle - Pessoal'!#REF!="c",'Controle - Pessoal'!#REF!,"0") -> #REF! | G59: =IF('Controle - Pessoal'!#REF!="c",'Controle - Pessoal'!#REF!,"0") -> #REF! | K59: =IF('Controle - Pessoal'!#REF!="c",'Controle - Pessoal'!#REF!,"0") -> #REF!
C60: =IF('Controle - Pessoal'!#REF!="c",'Controle - Pessoal'!#REF!,"0") -> #REF! | G60: =IF('Controle - Pessoal'!#REF!="c",'Controle - Pessoal'!#REF!,"0") -> #REF! | K60: =IF('Controle - Pessoal'!#REF!="c",'Controle - Pessoal'!#REF!,"0") -> #REF!
C61: =IF('Controle - Pessoal'!#REF!="c",'Controle - Pessoal'!#REF!,"0") -> #REF! | G61: =IF('Controle - Pessoal'!#REF!="c",'Controle - Pessoal'!E40,"0") -> #REF! | K61: =IF('Controle - Pessoal'!#REF!="c",'Controle - Pessoal'!#REF!,"0") -> #REF!
C62: =IF('Controle - Pessoal'!#REF!="c",'Controle - Pessoal'!#REF!,"0") -> #REF! | G62: =IF('Controle - Pessoal'!#REF!="c",'Controle - Pessoal'!E41,"0") -> #REF! | K62: =IF('Controle - Pessoal'!#REF!="c",'Controle - Pessoal'!#REF!,"0") -> #REF!
C63: =IF('Controle - Pessoal'!#REF!="c",'Controle - Pessoal'!B40,"0") -> #REF! | G63: =IF('Controle - Pessoal'!#REF!="c",'Controle - Pessoal'!E42,"0") -> #REF! | K63: =IF('Controle - Pessoal'!#REF!="c",'Controle - Pessoal'!#REF!,"0") -> #REF!
C64: =IF('Controle - Pessoal'!#REF!="c",'Controle - Pessoal'!B41,"0") -> #REF! | G64: Sem numeros | K64: Sem numeros
C65: =IF('Controle - Pessoal'!#REF!="c",'Controle - Pessoal'!B42,"0") -> #REF! | G65: Sem numeros | K65: Sem numeros
A66: Caixa | C66: =SUM(C10:C65) -> #REF! | E66: Caixa | G66: =SUM(G10:G65) -> #REF! | I66: Caixa | K66: =SUM(K10:K65) -> #REF!
A68: Receita Banco | E68: Despesas Fixas - Banco | I68: Despesas Variáveis - Banco
C69: =IF('Controle - Pessoal'!#REF!=0,"",IF(C10="0",'Controle - Pessoal'!B5)) -> #REF! | G69: =IF('Controle - Pessoal'!#REF!=0,"",IF(G10="0",'Controle - Pessoal'!#REF!)) -> #REF! | K69: =IF('Controle - Pessoal'!#REF!=0,"",IF(K10="0",'Controle - Pessoal'!#REF!)) -> #REF!
C70: =IF('Controle - Pessoal'!#REF!=0,"",IF(C11="0",'Controle - Pessoal'!B6)) -> #REF! | G70: =IF('Controle - Pessoal'!#REF!=0,"",IF(G11="0",'Controle - Pessoal'!#REF!)) -> #REF! | K70: =IF('Controle - Pessoal'!#REF!=0,"",IF(K11="0",'Controle - Pessoal'!#REF!)) -> #REF!
C71: =IF('Controle - Pessoal'!#REF!=0,"",IF(C12="0",'Controle - Pessoal'!#REF!)) -> #REF! | G71: =IF('Controle - Pessoal'!#REF!=0,"",IF(G12="0",'Controle - Pessoal'!#REF!)) -> #REF! | K71: =IF('Controle - Pessoal'!#REF!=0,"",IF(K12="0",'Controle - Pessoal'!#REF!)) -> #REF!
C72: =IF('Controle - Pessoal'!#REF!=0,"",IF(C13="0",'Controle - Pessoal'!#REF!)) -> #REF! | G72: =IF('Controle - Pessoal'!#REF!=0,"",IF(G13="0",'Controle - Pessoal'!E7)) -> #REF! | K72: =IF('Controle - Pessoal'!#REF!=0,"",IF(K13="0",'Controle - Pessoal'!#REF!)) -> #REF!
C73: =IF('Controle - Pessoal'!#REF!=0,"",IF(C14="0",'Controle - Pessoal'!#REF!)) -> #REF! | G73: =IF('Controle - Pessoal'!#REF!=0,"",IF(G14="0",'Controle - Pessoal'!E8)) -> #REF! | K73: =IF('Controle - Pessoal'!#REF!=0,"",IF(K14="0",'Controle - Pessoal'!#REF!)) -> #REF!
C74: =IF('Controle - Pessoal'!#REF!=0,"",IF(C15="0",'Controle - Pessoal'!B7)) -> #REF! | G74: =IF('Controle - Pessoal'!#REF!=0,"",IF(G15="0",'Controle - Pessoal'!E9)) -> #REF! | K74: =IF('Controle - Pessoal'!#REF!=0,"",IF(K15="0",'Controle - Pessoal'!#REF!)) -> #REF!
C75: =IF('Controle - Pessoal'!#REF!=0,"",IF(C16="0",'Controle - Pessoal'!B8)) -> #REF! | G75: =IF('Controle - Pessoal'!#REF!=0,"",IF(G16="0",'Controle - Pessoal'!E10)) -> #REF! | K75: =IF('Controle - Pessoal'!#REF!=0,"",IF(K16="0",'Controle - Pessoal'!#REF!)) -> #REF!
C76: =IF('Controle - Pessoal'!#REF!=0,"",IF(C17="0",'Controle - Pessoal'!B9)) -> #REF! | G76: =IF('Controle - Pessoal'!#REF!=0,"",IF(G17="0",'Controle - Pessoal'!E11)) -> #REF! | K76: =IF('Controle - Pessoal'!#REF!=0,"",IF(K17="0",'Controle - Pessoal'!#REF!)) -> #REF!
C77: =IF('Controle - Pessoal'!#REF!=0,"",IF(C18="0",'Controle - Pessoal'!B10)) -> #REF! | G77: =IF('Controle - Pessoal'!#REF!=0,"",IF(G18="0",'Controle - Pessoal'!E12)) -> #REF! | K77: =IF('Controle - Pessoal'!#REF!=0,"",IF(K18="0",'Controle - Pessoal'!#REF!)) -> #REF!
C78: =IF('Controle - Pessoal'!#REF!=0,"",IF(C19="0",'Controle - Pessoal'!B11)) -> #REF! | G78: =IF('Controle - Pessoal'!#REF!=0,"",IF(G19="0",'Controle - Pessoal'!E13)) -> #REF! | K78: =IF('Controle - Pessoal'!#REF!=0,"",IF(K19="0",'Controle - Pessoal'!#REF!)) -> #REF!
C79: =IF('Controle - Pessoal'!#REF!=0,"",IF(C20="0",'Controle - Pessoal'!B12)) -> #REF! | G79: =IF('Controle - Pessoal'!#REF!=0,"",IF(G20="0",'Controle - Pessoal'!E14)) -> #REF! | K79: =IF('Controle - Pessoal'!#REF!=0,"",IF(K20="0",'Controle - Pessoal'!#REF!)) -> #REF!
C80: =IF('Controle - Pessoal'!#REF!=0,"",IF(C21="0",'Controle - Pessoal'!B13)) -> #REF! | G80: =IF('Controle - Pessoal'!#REF!=0,"",IF(G21="0",'Controle - Pessoal'!E15)) -> #REF! | K80: =IF('Controle - Pessoal'!#REF!=0,"",IF(K21="0",'Controle - Pessoal'!#REF!)) -> #REF!
C81: =IF('Controle - Pessoal'!#REF!=0,"",IF(C22="0",'Controle - Pessoal'!B14)) -> #REF! | G81: =IF('Controle - Pessoal'!#REF!=0,"",IF(G22="0",'Controle - Pessoal'!E16)) -> #REF! | K81: =IF('Controle - Pessoal'!#REF!=0,"",IF(K22="0",'Controle - Pessoal'!#REF!)) -> #REF!
C82: =IF('Controle - Pessoal'!#REF!=0,"",IF(C23="0",'Controle - Pessoal'!B15)) -> #REF! | G82: =IF('Controle - Pessoal'!#REF!=0,"",IF(G23="0",'Controle - Pessoal'!E17)) -> #REF! | K82: =IF('Controle - Pessoal'!#REF!=0,"",IF(K23="0",'Controle - Pessoal'!#REF!)) -> #REF!
C83: =IF('Controle - Pessoal'!#REF!=0,"",IF(C24="0",'Controle - Pessoal'!B16)) -> #REF! | G83: =IF('Controle - Pessoal'!#REF!=0,"",IF(G24="0",'Controle - Pessoal'!E18)) -> #REF! | K83: =IF('Controle - Pessoal'!#REF!=0,"",IF(K24="0",'Controle - Pessoal'!#REF!)) -> #REF!
C84: =IF('Controle - Pessoal'!#REF!=0,"",IF(C25="0",'Controle - Pessoal'!B17)) -> #REF! | G84: =IF('Controle - Pessoal'!#REF!=0,"",IF(G25="0",'Controle - Pessoal'!#REF!)) -> #REF! | K84: =IF('Controle - Pessoal'!#REF!=0,"",IF(K25="0",'Controle - Pessoal'!#REF!)) -> #REF!
C85: =IF('Controle - Pessoal'!#REF!=0,"",IF(C26="0",'Controle - Pessoal'!B18)) -> #REF! | G85: =IF('Controle - Pessoal'!#REF!=0,"",IF(G26="0",'Controle - Pessoal'!#REF!)) -> #REF! | K85: =IF('Controle - Pessoal'!#REF!=0,"",IF(K26="0",'Controle - Pessoal'!#REF!)) -> #REF!
C86: =IF('Controle - Pessoal'!#REF!=0,"",IF(C27="0",'Controle - Pessoal'!#REF!)) -> #REF! | G86: =IF('Controle - Pessoal'!#REF!=0,"",IF(G27="0",'Controle - Pessoal'!#REF!)) -> #REF! | K86: =IF('Controle - Pessoal'!#REF!=0,"",IF(K27="0",'Controle - Pessoal'!#REF!)) -> #REF!
C87: =IF('Controle - Pessoal'!#REF!=0,"",IF(C28="0",'Controle - Pessoal'!#REF!)) -> #REF! | G87: =IF('Controle - Pessoal'!#REF!=0,"",IF(G28="0",'Controle - Pessoal'!E19)) -> #REF! | K87: =IF('Controle - Pessoal'!#REF!=0,"",IF(K28="0",'Controle - Pessoal'!#REF!)) -> #REF!
C88: =IF('Controle - Pessoal'!#REF!=0,"",IF(C29="0",'Controle - Pessoal'!#REF!)) -> #REF! | G88: =IF('Controle - Pessoal'!#REF!=0,"",IF(G29="0",'Controle - Pessoal'!#REF!)) -> #REF! | K88: =IF('Controle - Pessoal'!#REF!=0,"",IF(K29="0",'Controle - Pessoal'!#REF!)) -> #REF!
C89: =IF('Controle - Pessoal'!#REF!=0,"",IF(C30="0",'Controle - Pessoal'!B19)) -> #REF! | G89: =IF('Controle - Pessoal'!#REF!=0,"",IF(G30="0",'Controle - Pessoal'!#REF!)) -> #REF! | K89: =IF('Controle - Pessoal'!#REF!=0,"",IF(K30="0",'Controle - Pessoal'!#REF!)) -> #REF!
C90: =IF('Controle - Pessoal'!#REF!=0,"",IF(C31="0",'Controle - Pessoal'!#REF!)) -> #REF! | G90: =IF('Controle - Pessoal'!#REF!=0,"",IF(G31="0",'Controle - Pessoal'!E20)) -> #REF! | K90: =IF('Controle - Pessoal'!#REF!=0,"",IF(K31="0",'Controle - Pessoal'!#REF!)) -> #REF!
C91: =IF('Controle - Pessoal'!#REF!=0,"",IF(C32="0",'Controle - Pessoal'!#REF!)) -> #REF! | G91: =IF('Controle - Pessoal'!#REF!=0,"",IF(G32="0",'Controle - Pessoal'!E21)) -> #REF! | K91: =IF('Controle - Pessoal'!#REF!=0,"",IF(K32="0",'Controle - Pessoal'!#REF!)) -> #REF!
C92: =IF('Controle - Pessoal'!#REF!=0,"",IF(C33="0",'Controle - Pessoal'!B20)) -> #REF! | G92: =IF('Controle - Pessoal'!#REF!=0,"",IF(G33="0",'Controle - Pessoal'!E22)) -> #REF! | K92: =IF('Controle - Pessoal'!#REF!=0,"",IF(K33="0",'Controle - Pessoal'!#REF!)) -> #REF!
C93: =IF('Controle - Pessoal'!#REF!=0,"",IF(C34="0",'Controle - Pessoal'!B21)) -> #REF! | G93: =IF('Controle - Pessoal'!#REF!=0,"",IF(G34="0",'Controle - Pessoal'!E23)) -> #REF! | K93: =IF('Controle - Pessoal'!#REF!=0,"",IF(K34="0",'Controle - Pessoal'!#REF!)) -> #REF!
C94: =IF('Controle - Pessoal'!#REF!=0,"",IF(C35="0",'Controle - Pessoal'!B22)) -> #REF! | G94: =IF('Controle - Pessoal'!#REF!=0,"",IF(G35="0",'Controle - Pessoal'!E24)) -> #REF! | K94: =IF('Controle - Pessoal'!#REF!=0,"",IF(K35="0",'Controle - Pessoal'!#REF!)) -> #REF!
C95: =IF('Controle - Pessoal'!#REF!=0,"",IF(C36="0",'Controle - Pessoal'!B23)) -> #REF! | G95: =IF('Controle - Pessoal'!#REF!=0,"",IF(G36="0",'Controle - Pessoal'!#REF!)) -> #REF! | K95: =IF('Controle - Pessoal'!#REF!=0,"",IF(K36="0",'Controle - Pessoal'!#REF!)) -> #REF!
C96: =IF('Controle - Pessoal'!#REF!=0,"",IF(C37="0",'Controle - Pessoal'!B24)) -> #REF! | G96: =IF('Controle - Pessoal'!#REF!=0,"",IF(G37="0",'Controle - Pessoal'!#REF!)) -> #REF! | K96: =IF('Controle - Pessoal'!#REF!=0,"",IF(K37="0",'Controle - Pessoal'!#REF!)) -> #REF!
C97: =IF('Controle - Pessoal'!#REF!=0,"",IF(C38="0",'Controle - Pessoal'!#REF!)) -> #REF! | G97: =IF('Controle - Pessoal'!#REF!=0,"",IF(G38="0",'Controle - Pessoal'!#REF!)) -> #REF! | K97: =IF('Controle - Pessoal'!#REF!=0,"",IF(K38="0",'Controle - Pessoal'!#REF!)) -> #REF!
C98: =IF('Controle - Pessoal'!#REF!=0,"",IF(C39="0",'Controle - Pessoal'!#REF!)) -> #REF! | G98: =IF('Controle - Pessoal'!#REF!=0,"",IF(G39="0",'Controle - Pessoal'!E25)) -> #REF! | K98: =IF('Controle - Pessoal'!#REF!=0,"",IF(K39="0",'Controle - Pessoal'!#REF!)) -> #REF!
C99: =IF('Controle - Pessoal'!#REF!=0,"",IF(C40="0",'Controle - Pessoal'!#REF!)) -> #REF! | G99: =IF('Controle - Pessoal'!#REF!=0,"",IF(G40="0",'Controle - Pessoal'!E26)) -> #REF! | K99: =IF('Controle - Pessoal'!#REF!=0,"",IF(K40="0",'Controle - Pessoal'!#REF!)) -> #REF!
C100: =IF('Controle - Pessoal'!#REF!=0,"",IF(C41="0",'Controle - Pessoal'!B25)) -> #REF! | G100: =IF('Controle - Pessoal'!#REF!=0,"",IF(G41="0",'Controle - Pessoal'!E37)) -> #REF! | K100: =IF('Controle - Pessoal'!#REF!=0,"",IF(K41="0",'Controle - Pessoal'!#REF!)) -> #REF!
C101: =IF('Controle - Pessoal'!#REF!=0,"",IF(C42="0",'Controle - Pessoal'!B26)) -> #REF! | G101: =IF('Controle - Pessoal'!#REF!=0,"",IF(G42="0",'Controle - Pessoal'!E38)) -> #REF! | K101: =IF('Controle - Pessoal'!#REF!=0,"",IF(K42="0",'Controle - Pessoal'!#REF!)) -> #REF!
C102: =IF('Controle - Pessoal'!#REF!=0,"",IF(C43="0",'Controle - Pessoal'!B37)) -> #REF! | G102: =IF('Controle - Pessoal'!#REF!=0,"",IF(G43="0",'Controle - Pessoal'!E39)) -> #REF! | K102: =IF('Controle - Pessoal'!#REF!=0,"",IF(K43="0",'Controle - Pessoal'!#REF!)) -> #REF!
C103: =IF('Controle - Pessoal'!#REF!=0,"",IF(C44="0",'Controle - Pessoal'!B38)) -> #REF! | G103: =IF('Controle - Pessoal'!#REF!=0,"",IF(G44="0",'Controle - Pessoal'!#REF!)) -> #REF! | K103: =IF('Controle - Pessoal'!#REF!=0,"",IF(K44="0",'Controle - Pessoal'!#REF!)) -> #REF!
...

Sheet Investimentos Pessoal
A1: Planilha de Controle Mensal - Investimentos - Pessoal
A2: Mês: | C2: Janeiro/2026.
A3: Controle Saldo Banco
A4: Nome dos investimentos | G4: Acumulado | H4: =C2 -> Janeiro/2026. | J4: Saldo a transferir
A5: Investimento Nubank | G5: 120 | H5: 60 | J5: =G5+H5 -> 180
A6: Dinheiro debaixo do cochão | G6: 250 | H6: 100 | J6: =G6+H6 -> 350
J7: =G7+H7 -> 0
J8: =G8+H8 -> 0
J9: =G9+H9 -> 0
A10: Total 01 | G10: =SUM(G5:G9) -> 370 | H10: =SUM(H5:H9) -> 160 | J10: =SUM(J5:K9) -> 530
A13: Exemplo Investimentos ou reserva financeira - simulação dinheiro debaixo do cochão - : )
A15: Salário Mensal | E15: 1100 | G15: Salário Mensal | K15: =E15 -> 1100
A16: Percentual a Economizar | E16: 0.05 | G16: Percentual a Economizar | K16: 0.1
A17: Valor a Economizar mensal | E17: =E15*E16 -> 55 | G17: Valor a Economizar mensal | K17: =K15*K16 -> 110
A19: No Ano - 12 Meses - terei: | D19: 12 | E19: =E17*D19 -> 660 | G19: No Ano - 12 Meses - terei: | J19: 12 | K19: =K17*J19 -> 1320
A21: Em 5 Anos - 60 Meses - terei: | D21: 60 | E21: =E17*D21 -> 3300 | G21: Em 5 Anos - 60 Meses - terei: | J21: 60 | K21: =K17*J21 -> 6600
A24: Salário Mensal | E24: 2000 | G24: Salário Mensal | K24: =E24 -> 2000
A25: Percentual a Economizar | E25: 0.05 | G25: Percentual a Economizar | K25: 0.1
A26: Valor a Economizar mensal | E26: =E24*E25 -> 100 | G26: Valor a Economizar mensal | K26: =K24*K25 -> 200
A28: No Ano - 12 Meses - terei: | D28: 12 | E28: =E26*D28 -> 1200 | G28: No Ano - 12 Meses - terei: | J28: 12 | K28: =K26*J28 -> 2400
A30: Em 5 Anos - 60 Meses - terei: | D30: 60 | E30: =E26*D30 -> 6000 | G30: Em 5 Anos - 60 Meses - terei: | J30: 60 | K30: =K26*J30 -> 12000
A33: Exemplo Investimentos - simulação com valor aplicado em um Banco como exemplo o Nubank *
A34: * Não tem tarifa mensal e o valor aplicado rede 100% do CDI - hoje (dia 10/11/2021 - está ao ano 7,65% - Mês 0,6375%
A35: * Na simulação foi colocar 0,5% para facilitar o calculo.
A37: Valor mensal a economizar | C37: 55 | D37: Rendimento | E37: Acumulado | G37: Valor mensal a economizar | I37: 110 | J37: Rendimento | K37: Acumulado
A38: Percentual mensal de rendimento | C38: 0.005 | G38: Percentual mensal de rendimento | I38: 0.005
A39: Quantidade de meses | B39: Meses | C39: Economia | G39: Quantidade de meses | H39: Meses | I39: Economia
A40: Mês 01 | B40: 44501 | C40: =$C$37 -> 55 | D40: =0 -> 0 | E40: =C40 -> 55 | G40: Mês 01 | H40: 44501 | I40: =$I$37 -> 110 | J40: =0 -> 0 | K40: =I40 -> 110
A41: Mês 02 | B41: 44531 | C41: =$C$37 -> 55 | D41: =E40*$C$38 -> 0.275 | E41: =E40+(E40*$C$38)+C41 -> 110.275 | G41: Mês 02 | H41: 44531 | I41: =$I$37 -> 110 | J41: =K40*$I$38 -> 0.55 | K41: =K40+(K40*$I$38)+I41 -> 220.55
A42: Mês 03 | B42: 44562 | C42: =$C$37 -> 55 | D42: =E41*$C$38 -> 0.551375 | E42: =E41+(E41*$C$38)+C42 -> 165.82637 | G42: Mês 03 | H42: 44562 | I42: =$I$37 -> 110 | J42: =K41*$I$38 -> 1.10275 | K42: =K41+(K41*$I$38)+I42 -> 331.65275
A43: Mês 04 | B43: 44593 | C43: =$C$37 -> 55 | D43: =E42*$C$38 -> 0.82913187 | E43: =E42+(E42*$C$38)+C43 -> 221.65551 | G43: Mês 04 | H43: 44593 | I43: =$I$37 -> 110 | J43: =K42*$I$38 -> 1.6582637 | K43: =K42+(K42*$I$38)+I43 -> 443.31101
A44: Mês 05 | B44: 44621 | C44: =$C$37 -> 55 | D44: =E43*$C$38 -> 1.1082775 | E44: =E43+(E43*$C$38)+C44 -> 277.76378 | G44: Mês 05 | H44: 44621 | I44: =$I$37 -> 110 | J44: =K43*$I$38 -> 2.2165551 | K44: =K43+(K43*$I$38)+I44 -> 555.52757
A45: Mês 06 | B45: 44652 | C45: =$C$37 -> 55 | D45: =E44*$C$38 -> 1.3888189 | E45: =E44+(E44*$C$38)+C45 -> 334.1526 | G45: Mês 06 | H45: 44652 | I45: =$I$37 -> 110 | J45: =K44*$I$38 -> 2.7776378 | K45: =K44+(K44*$I$38)+I45 -> 668.30521
A46: Mês 07 | B46: 44682 | C46: =$C$37 -> 55 | D46: =E45*$C$38 -> 1.670763 | E46: =E45+(E45*$C$38)+C46 -> 390.82337 | G46: Mês 07 | H46: 44682 | I46: =$I$37 -> 110 | J46: =K45*$I$38 -> 3.341526 | K46: =K45+(K45*$I$38)+I46 -> 781.64673
A47: Mês 08 | B47: 44713 | C47: =$C$37 -> 55 | D47: =E46*$C$38 -> 1.9541168 | E47: =E46+(E46*$C$38)+C47 -> 447.77748 | G47: Mês 08 | H47: 44713 | I47: =$I$37 -> 110 | J47: =K46*$I$38 -> 3.9082337 | K47: =K46+(K46*$I$38)+I47 -> 895.55497
A48: Mês 09 | B48: 44743 | C48: =$C$37 -> 55 | D48: =E47*$C$38 -> 2.2388874 | E48: =E47+(E47*$C$38)+C48 -> 505.01637 | G48: Mês 09 | H48: 44743 | I48: =$I$37 -> 110 | J48: =K47*$I$38 -> 4.4777748 | K48: =K47+(K47*$I$38)+I48 -> 1010.0327
A49: Mês 10 | B49: 44774 | C49: =$C$37 -> 55 | D49: =E48*$C$38 -> 2.5250819 | E49: =E48+(E48*$C$38)+C49 -> 562.54145 | G49: Mês 10 | H49: 44774 | I49: =$I$37 -> 110 | J49: =K48*$I$38 -> 5.0501637 | K49: =K48+(K48*$I$38)+I49 -> 1125.0829
A50: Mês 11 | B50: 44805 | C50: =$C$37 -> 55 | D50: =E49*$C$38 -> 2.8127073 | E50: =E49+(E49*$C$38)+C50 -> 620.35416 | G50: Mês 11 | H50: 44805 | I50: =$I$37 -> 110 | J50: =K49*$I$38 -> 5.6254145 | K50: =K49+(K49*$I$38)+I50 -> 1240.7083
A51: Mês 12 | B51: 44835 | C51: =$C$37 -> 55 | D51: =E50*$C$38 -> 3.1017708 | E51: =E50+(E50*$C$38)+C51 -> 678.45593 | G51: Mês 12 | H51: 44835 | I51: =$I$37 -> 110 | J51: =K50*$I$38 -> 6.2035416 | K51: =K50+(K50*$I$38)+I51 -> 1356.9119
A52: Mês 13 | B52: 44866 | C52: =$C$37 -> 55 | D52: =E51*$C$38 -> 3.3922797 | E52: =E51+(E51*$C$38)+C52 -> 736.84821 | G52: Mês 13 | H52: 44866 | I52: =$I$37 -> 110 | J52: =K51*$I$38 -> 6.7845593 | K52: =K51+(K51*$I$38)+I52 -> 1473.6964
... A99: Mês 60 | B99: 46296 | C99: =$C$37 -> 55 | D99: =E98*$C$38 -> 18.81767 | E99: =E98+(E98*$C$38)+C99 -> 3837.3517 | G99: Mês 60 | H99: 46296 | I99: =$I$37 -> 110 | J99: =K98*$I$38 -> 37.63534 | K99: =K98+(K98*$I$38)+I99 -> 7674.7034
A100: Total economizado final de 5 anos ** | C100: =SUM(C40:C99) -> 3300 | D100: =SUM(D40:D99) -> 537.35168 | E100: =E99 -> 3837.3517 | G100: Total economizado final de 5 anos ** | I100: =SUM(I40:I99) -> 6600 | J100: =SUM(J40:J99) -> 1074.7034 | K100: =K99 -> 7674.7034
A103: Simulação feita na Calculadora do Site do Banco Central ** | G103: Simulação feita na Calculadora do Site do Banco Central **
A104: ** Veja que tem uma pequena diferença nas simulações. | G104: ** Veja que tem uma pequena diferença nas simulações.
A105: Esses exemplos são simulações, que podem variar em cada situação. | G105: Esses exemplos são simulações, que podem variar em cada situação.
A106: Em caso de dúvidas procurar um especialista. | G106: Em caso de dúvidas procurar um especialista.
A124: Observação final: O importante é ter a rotina de guardar dinheiro, não importa o valor. Crie essa Rotina na seu dia a dia. Simplesmente comece. : )
